 Dungeon Crawl Stone Soup version 0.20.0-15-g7f486f2 (webtiles) character file.

92 InstantSplat the Poker (level 4, -9/39 HPs)
             Began as a Naga Gladiator on June 29, 2017.
             Killed from afar by Aolhelm's ghost (19 damage)
             ... with an orb of energy
             ... on level 3 of the Dungeon.
             The game lasted 00:02:35 (1935 turns).

InstantSplat the Poker (Naga Gladiator)             Turns: 1935, Time: 00:02:37

Health: -9/39      AC:  3    Str: 17    XL:     4   Next: 60%
Magic:  4/4        EV: 10    Int:  9    God:
Gold:   73         SH:  0    Dex: 12    Spells: 3/3 levels left

rFire    . . .     SeeInvis +   a - +1 trident
rCold    . . .     Gourm    .   (no shield)
rNeg     . . .     Faith    .   b - +0 leather armour
rPois    +         Spirit   .   c - +0 helmet
rElec    .         Reflect  .   (no cloak)
rCorr    .         Harm     .   (no gloves)
MR       .....                  (no barding)
Stlth    +.........             (no amulet)
Regen    0.2/turn               (no ring)
MPRegen  0.1/turn               (no ring)

@: confused, very slow
A: see invisible, deformed body, poison resistance, slowness 2, slow metabolism
1, spit poison 1, AC +1
a: Spit Poison


You were on level 3 of the Dungeon.
You were not hungry.

You visited 1 branch of the dungeon, and saw 3 of its levels.

You collected 73 gold pieces.

Inventory:

Hand Weapons
 a - a +1 trident (weapon)
Missiles
 d - 3 throwing nets (quivered)
Armour
 b - a +0 leather armour (worn)
 c - a +0 helmet (worn)
Jewellery
 j - an uncursed amulet of the gourmand {unknown}
Potions
 e - a potion of magic
 g - a potion of mutation {unknown}
 i - 2 potions of lignification
 k - 2 potions of curing
 o - a potion of agility {unknown}
Comestibles
 f - a bread ration
 h - 3 chunks of flesh


   Skills:
 - Level 2.0 Fighting
 + Level 5.2 Polearms
 - Level 1.7 Throwing
 - Level 2.4 Dodging


You had 3 spell levels left.
You didn't know any spells.

Dungeon Overview and Level Annotations

Branches:
Dungeon (3/15)

Altars:

Annotations:
D:3 Aolhelm's ghost, amateur DECj


Innate Abilities, Weirdness & Mutations

You cannot wear boots.
Your serpentine skin is tough. (AC +1)
You have supernaturally acute eyesight. (SInv)
Armour fits poorly on your strangely shaped body.
Your system is resistant to poisons. (rPois)
You cover ground very slowly.
You have a slow metabolism.
You can spit poison.


Message History

A goblin comes into view. It is wielding a club.
The goblin shouts!
Aolhelm's ghost hits you.
Found 17 stones.
There is a stone staircase leading up here.
You see here a tomahawk.
You completely miss Aolhelm's ghost.
Aolhelm's ghost gestures at you while chanting.
The orb of energy hits you!
You miss Aolhelm's ghost.
Aolhelm's ghost gestures at you while chanting.
The spray of energy hits you!
You are confused.
Aolhelm's ghost hits you.
* * * LOW HITPOINT WARNING * * *
In your confused state, you trip and fall back down the stairs.
* * * LOW HITPOINT WARNING * * *
Aolhelm's ghost gestures at you while chanting.
The orb of energy hits you!
You die...

........# ...#
........#.....#
..([....#..!..##
........#......#
........#......#
..(.....#......#
#............
#...@[g......
#.....#W.......
#.###..........
#..........
#..#....... ...
....... ....
###.... .....
...# .....( ...


You could see Aolhelm's ghost and a goblin.

Vanquished Creatures
  Jessica (D:2)
  2 adders (D:2)
  3 dart slugs
  2 leopard geckos (D:2)
  2 orcs
  2 giant cockroaches (D:2)
  4 goblins
  3 hobgoblins (D:2)
  4 jackals (D:1)
  7 kobolds
  2 bats
  A frilled lizard (D:1)
  4 rats (D:1)
37 creatures vanquished.

Notes
Turn   | Place    | Note
-------+----------+-------------------------------------------
     0 | D:1      | InstantSplat the Naga Gladiator began the quest for the Orb.
     0 | D:1      | Reached XP level 1. HP: 19/19 MP: 1/1
   135 | D:1      | Reached XP level 2. HP: 19/26 MP: 2/2
   582 | D:1      | Reached skill level 4 in Polearms
   757 | D:2      | Reached XP level 3. HP: 32/32 MP: 3/3
  1508 | D:2      | Reached XP level 4. HP: 35/39 MP: 4/4
  1727 | D:3      | Noticed Jessica
  1727 | D:3      | Noticed Aolhelm's ghost (amateur DECj)
  1766 | D:2      | Killed Jessica
  1766 | D:2      | Reached skill level 5 in Polearms
  1935 | D:3      | Killed from afar by Aolhelm's ghost

Skill      XL: |  1  2  3  4 |
---------------+-------------+-----
Polearms       | 4 5 |  5.2
Fighting       | |  2.0
Throwing       | |  1.7
Dodging        | |  2.4

Action                   |  1- 3 |  4- 6 || total
-------------------------+-------+-------++-------
Melee: Trident           |    87 |    36 ||   123
  Use: Scroll            |     6 |       ||     6
       Potion            |     1 |       ||     1
 Stab: Sleeping          |     1 |       ||     1
  Eat: Chunk             |     1 |     1 ||     2
Armor: Leather armour    |    25 |     6 ||    31
Dodge: Dodged            |    26 |    29 ||    55
